AoeStats
← pancomido3

Nomad

510278160Analyzed
2v2 RM · 22h ago on Sep 30, 2026· 49m 14s· 4 players
Game mode
Random Map
Map size
176×176
Population
200
Speed
Normal
Resources
Standard
Victory
Conquest
Starting age
Dark Age
Ending age
Imperial Age
RankedLock teamsTeams togetherTeam positionsShared explorationLock speedFull tech treeHidden civsTurbo modeCheats
Victory
Defeat
🇦🇺 Berbers · Australia
1436
+14
🇩🇪 Koreans · Germany
1433
+15
🇩🇪 Koreans · Germany
1424
-15
🇺🇸 Mapuche · United States
1378
-14
aswjegk
4:46 Loom
12:05 Feudal Age
14:28 Double-Bit Axe
15:43 Fletching
19:24 Castle Age
20:07 Bodkin Arrow
21:06 Horse Collar
29:27 Bow Saw
30:26 Stone Mining
30:47 Heavy Plow
31:32 Ballistics
40:46 Imperial Age
42:21 Imperial Age
41:29 Wheelbarrow
40:39 Town Watch
45:29 Hand Cart
pancomido3
3:10 Loom
13:00 Feudal Age
14:03 Double-Bit Axe
14:41 Horse Collar
17:09 Castle Age
16:00 Fletching
17:45 Bodkin Arrow
18:35 Gold Mining
21:20 Padded Archer Armor
23:18 Leather Archer Armor
29:41 Wheelbarrow
29:33 Heavy Plow
29:44 Bow Saw
29:48 Town Watch
32:39 Gold Shaft Mining
36:04 Imperial Age
36:24 Ballistics
37:52 Chemistry
37:26 Ring Archer Armor
36:48 Elite Skirmisher
37:50 Elite Bolas Rider
Sir Deep purple 2
13:29 Loom
16:03 Feudal Age
16:59 Double-Bit Axe
18:17 Fishing Lines
18:36 Stone Mining
20:49 Castle Age
18:47 Gold Mining
22:32 Wheelbarrow
21:50 Gillnets
24:38 Bow Saw
25:07 Fletching
26:30 Bodkin Arrow
27:45 Hand Cart
32:20 Imperial Age
33:03 Coinage
34:26 Chemistry
33:47 Ballistics
33:40 Bracer
35:20 Conscription
35:33 Town Watch
38:50 Two-Man Saw
37:46 Elite War Wagon
38:33 Scale Mail Armor
45:36 Eupseong
49:09 Town Patrol
GUSH ^_-
6:01 Loom
15:02 Feudal Age
18:32 Castle Age
19:24 Double-Bit Axe
22:56 Bow Saw
23:52 Wheelbarrow
23:09 Town Watch
23:13 Horse Collar
26:31 Fletching
31:57 Bodkin Arrow
36:10 Ballistics
36:01 Masonry
35:31 Treadmill Crane
39:10 Stone Mining
39:10 Gold Mining
40:58 Hand Cart
43:55 Stone Shaft Mining
43:57 Gold Shaft Mining
46:25 Murder Holes
Connection lost

Rejoining the realm…

Still unreachable

The connection could not be restored.

Session expired

The server has moved on; the page needs a fresh start.